 Dungeon Sprint DCSS version 0.30-a0-738-g116ff8c4af (webtiles) character file.

Game seed: 16706489487889303441

1063 BigDaddyOpFi the Pandemonic (level 8, -3/79 HPs)
             Began as a Hill Orc Fighter on Feb 3, 2023.
             Was a High Priest of Makhleb.
             Slain by a troll (11 damage)
             ... in the Dungeon (Sprint VII: "The Pits").
             The game lasted 00:01:57 (1335 turns).

BigDaddyOpFi the Pandemonic (Hill Orc Fighter)      Turns: 1335, Time: 00:01:57

Health: -3/79      AC: 14    Str: 21    XL:     8   Next: 27%
Magic:  16/17      EV:  7    Int:  8    God:    Makhleb [*****.]
Gold:   0          SH:  5    Dex: 10    Spells: 7/7 levels left

rFire   . . .      SeeInvis .    a - +0 war axe
rCold   . . .      Faith    .    c - +0 buckler
rNeg    . . .      Spirit   .    l - +3 chain mail
rPois   .          Reflect  .    (no helmet)
rElec   .          Harm     .    (no cloak)
rCorr   .          Rampage  .    (no gloves)
Will    .....      NoTele   +    (no boots) Stlth
                                 (no amulet)
HPRegen 0.33/turn                (no ring)
MPRegen 0.15/turn                (no ring)

@: no status effects
A: no striking features
a: Renounce Religion, Minor Destruction, Lesser Servant of Makhleb, Major
Destruction, Greater Servant of Makhleb


You were in the Dungeon.
You worshipped Makhleb.
Makhleb was extremely pleased with you.
You visited 1 branch

Inventory:

Hand Weapons
 a - a +0 war axe (weapon)
Armour
 c - a +0 buckler (worn)
 l - a +3 chain mail (worn)
Scrolls
 j - a scroll of blinking
Potions
 d - a potion of might
 e - a potion of curing
 g - a potion of haste
 h - 4 potions of magic
 i - a potion of berserk rage
 k - 2 potions of invisibility


   Skills:
 + Level 9.6 Fighting
 + Level 9.8 Axes
 + Level 8.7 Armour
 + Level 8.6 Shields
 * Level 13.0 Invocations


You had 7 spell levels left.
You didn't know any spells.
Your spell library was empty.

Dungeon Overview and Level Annotations

Branches:
Dungeon (1/1)

Altars:
Ashenzari
Cheibriados
Dithmenos
Elyvilon
Fedhas
Gozag
Hepliaklqana
Kikubaaqudgha
Makhleb
Nemelex Xobeh
Okawaru
Qazlal
Ru
Sif Muna
Trog
Uskayaw
Vehumet
Wu Jian
Xom
Yredelemnul
Zin
The Shining One
Beogh
Jiyva
Lugonu


Message History

Your Invocations skill gained 2 levels and is now at level 13!
You have reached level 8!
You feel much better. The troll bites you.
The troll claws you but does no damage. x2
You hit the troll.
The troll is lightly wounded.
The troll bites you but does no damage. The troll claws you but does no damage.
The troll claws you!
You hit the troll.
The troll is lightly wounded.
The troll barely misses you. The troll claws you.
* * * LOW HITPOINT WARNING * * *
The troll claws you.
* * * LOW HITPOINT WARNING * * *
You feel better. The troll completely misses you. The troll closely misses you.
The troll completely misses you.
Okay, then.
Aiming: Major Destruction (1% risk of failure)
Press: ? - help, Shift-Dir - straight line, f/p - troll
Aim: a troll (lightly wounded)
The bolt of acid hits the troll!!
The acid corrodes the troll!
The troll is heavily wounded.
The troll barely misses you. The troll claws you but does no damage.
The troll barely misses you.
You barely miss the troll.
The troll is heavily wounded.
The troll bites you but does no damage.
The troll claws you but does no damage. x2
You barely miss the troll.
The troll is heavily wounded.
The troll bites you.
* * * LOW HITPOINT WARNING * * *
The troll claws you.
* * * LOW HITPOINT WARNING * * *
The troll claws you but does no damage.
You slash the troll!
The troll is severely wounded.
The troll completely misses you. The troll claws you!
* * * LOW HITPOINT WARNING * * *
The troll claws you but does no damage. The troll bites you!
You die...

#.#........##.......#
#'###########.......#
#.......#°○ #########
#...#...#○# ####
#...#...#○#....#
#.##.##.#○#§§..#
#...#...#○§TB☼.+
#...#...#'#....#
#....@T.).# T..#
########### ###


You could see a troll (corroded).

Vanquished Creatures
  A swamp dragon (D)
  A redback (D)
  A warg (D)
  Duvessa (D)
  2 scorpions (D)
  Dowan (D)
  A jelly (D)
  An adder (D)
  A river rat (D)
  A ball python (D)
  A bat zombie (D)
  An endoplasm (D)
  A goblin (D)
  10 jackals (D)
  A quokka (D)
  2 bats (D)
  A frilled lizard (D)
  A quokka zombie (D)
  A rat (D)
30 creatures vanquished.

Vanquished Creatures (collateral kills)
  A giant cockroach (D)
1 creature vanquished.

Grand Total: 31 creatures vanquished

Notes
Turn   | Place    | Note
-------+----------+-------------------------------------------
     0 | D        | BigDaddyOpFi the Hill Orc Fighter began the quest for the
                  | Orb.
     0 | D        | Reached XP level 1. HP: 19/19 MP: 1/1
    22 | D        | Found a bloodstained altar of Trog.
    22 | D        | Found a shimmering blue altar of Sif Muna.
    22 | D        | Found a viscous altar of Jiyva.
    22 | D        | Found a hazy altar of Hepliaklqana.
    22 | D        | Found an opulent altar of Gozag.
    23 | D        | Found a glowing golden altar of the Shining One.
    23 | D        | Found a glowing silver altar of Zin.
    23 | D        | Found a basalt altar of Yredelemnul.
    23 | D        | Found a shimmering altar of Xom.
    23 | D        | Found an ornate altar of the Wu Jian Council.
    23 | D        | Found a sacrificial altar of Ru.
    23 | D        | Found a stormy altar of Qazlal.
    23 | D        | Found an iron altar of Okawaru.
    23 | D        | Found a sparkling altar of Nemelex Xobeh.
    23 | D        | Found a burning altar of Makhleb.
    23 | D        | Found a blossoming altar of Fedhas.
    23 | D        | Found a white marble altar of Elyvilon.
    23 | D        | Found a shadowy altar of Dithmenos.
    23 | D        | Found a snail-covered altar of Cheibriados.
    24 | D        | Found a radiant altar of Vehumet.
    24 | D        | Found a corrupted altar of Lugonu.
    24 | D        | Found a roughly hewn altar of Beogh.
    25 | D        | Found an ancient bone altar of Kikubaaqudgha.
    25 | D        | Found a hide-covered altar of Uskayaw.
    25 | D        | Found a broken altar of Ashenzari.
    31 | D        | Became a worshipper of Makhleb the Destroyer
    63 | D        | Reached skill level 1 in Invocations
    63 | D        | Reached XP level 2. HP: 27/27 MP: 2/2
    63 | D        | Reached * piety under Makhleb
   169 | D        | Noticed a scorpion
   175 | D        | Reached skill level 2 in Invocations
   176 | D        | Killed a scorpion
   176 | D        | Reached ** piety under Makhleb
   177 | D        | Reached skill level 5 in Fighting
   177 | D        | Reached skill level 5 in Axes
   177 | D        | Reached skill level 5 in Invocations
   177 | D        | Reached XP level 3. HP: 36/36 MP: 3/6
   177 | D        | Reached XP level 4. HP: 42/42 MP: 3/7
   238 | D        | Reached skill level 5 in Shields
   238 | D        | Reached *** piety under Makhleb
   239 | D        | Reached skill level 5 in Armour
   309 | D        | Noticed a warg
   309 | D        | Noticed a scorpion
   314 | D        | Reached **** piety under Makhleb
   320 | D        | Killed a warg
   321 | D        | Reached skill level 8 in Invocations
   321 | D        | Reached XP level 5. HP: 51/51 MP: 8/11
   326 | D        | Reached skill level 9 in Invocations
   326 | D        | Reached XP level 6. HP: 60/60 MP: 8/12
   328 | D        | Reached ***** piety under Makhleb
   581 | D        | Noticed a redback
   589 | D        | HP: 3/60 [redback (5)]
   596 | D        | Killed a redback
   597 | D        | Reached skill level 10 in Invocations
  1003 | D        | Noticed Duvessa
  1003 | D        | Noticed Dowan
  1011 | D        | Killed Duvessa
  1012 | D        | Reached skill level 11 in Invocations
  1012 | D        | Reached XP level 7. HP: 55/69 MP: 13/15
  1016 | D        | Killed Dowan
  1313 | D        | Noticed a swamp dragon
  1313 | D        | Noticed a troll
  1324 | D        | HP: 2/69 [swamp dragon (3)]
  1327 | D        | Killed a swamp dragon
  1328 | D        | Reached skill level 13 in Invocations
  1328 | D        | Reached XP level 8. HP: 17/79 MP: 15/17
  1335 | D        | Slain by a troll

Illustrated notes

Levels and vault maps discovered:
D:        pitsprint [storerooms_1, entrance_room_1, metal_vault_6, armoury_2,
          mini_pit_1, grid_room_1, main_hall_1, silver_pit, the_coven_2,
          the_vestibule_1, steel_vault_2, golden_pit, hallway_of_sentries,
          crystal_vault_4, iron_vault_4, final_vault]

Skill      XL: |  1  2  3  4  5  6  7 |
---------------+----------------------+-----
Axes           | 3 5 6 7 8 9 |  9.8
Fighting       | 4 5 6 7 8 9 |  9.6
Invocations    | 1 5 8 9 11 13 | 13.0
Armour         | 4 6 7 8 |  8.7
Shields        | 4 6 7 8 |  8.6

Action                     |  1- 3 |  4- 6 |  7- 9 || total
---------------------------+-------+-------+-------++-------
  Melee: War axe           |    26 |    59 |    17 ||   102
 Invoke: Major Destruction |       |       |     2 ||     2
         Lesser Servant of |       |       |     1 ||     1
    Use: Potion            |     1 |     8 |     4 ||    13
 Armour: Scale mail        |    10 |    21 |       ||    31
         Chain mail        |       |    18 |    20 ||    38
  Dodge: Dodged            |    14 |    26 |    11 ||    51
  Block: Buckler           |     8 |    24 |     4 ||    36

Table legend: (Time is in decaauts)
 A = Elapsed time spent in this place.
 B = Non-inter-level travel time spent in this place.
 C = Inter-level travel time spent in this place.
 D = Time resting spent in this place.
 E = Time spent auto-exploring this place.
 F = Levels seen in this place.
 G = Mean time per level.
                   A        B        C        D        E       F      G
               +--------+--------+--------+--------+--------+-----+--------+
         Total |   1373 |   1352 |     21 |   1077 |      0 |   1 | 1373.0 |
       Dungeon |   1373 |   1352 |     21 |   1077 |      0 |   1 | 1373.0 |
               +--------+--------+--------+--------+--------+-----+--------+

Top non-repeatable levels by time:
       D: 1373 daAuts
